[Event "*** SCC Grand Prix: Titled Tuesday Blitz"]
[Site "Chess.com"]
[Date "2020.06.09"]
[Round "6"]
[White "nihalsarin"]
[Black "Haykoooo0o"]
[Result "1-0"]
[WhiteElo "2986"]
[BlackElo "2563"]
[TimeControl "180+1"]
[EndTime "10:06:47 PDT"]
[Termination "nihalsarin won by resignation"]

1. e4 c5 2. Nc3 Nc6 3. Bb5 Nd4 4. Nf3 g6 5. Nxd4 cxd4 6. Ne2 Bg7 7. O-O Nf6 8. d3 Qb6 9. Bc4 d6 10. h3 O-O 11.
Kh1 e5 12. f4 Be6 13. Bb3 Rfe8 14. f5 Bxb3 15. axb3 d5 16. exd5 Nxd5 17. Ng3 Rac8 18. Ne4 a6 19. Rf2 Qc6 20. Qf3 gxf5 21. Qxf5 Qg6 22. g4 Rc6 23. Bd2 Rxc2 24. Qd7 Nc7 25. Raf1 Rf8 26. Bb4 Rxf2 27. Rxf2 Qh6 28. Bxf8 Qxh3+ 29. Kg1 Bxf8 1-0

[Event "*** SCC Grand Prix: Titled Tuesday Blitz"]
[Site "Chess.com"]
[Date "2020.06.09"]
[Round "6"]
[White "XDPS"]
[Black "PrinceMurad09"]
[Result "1-0"]
[WhiteElo "2683"]
[BlackElo "2513"]
[TimeControl "180+1"]
[EndTime "10:06:48 PDT"]
[Termination "XDPS won by resignation"]

1. d4 Nf6 2. Bf4 d6 3. Nf3 g6 4.
e3 Bg7 5. h3 O-O 6. Be2 b6 7. O-O Bb7 8. c3 Nbd7 9. Bh2 Re8 10. a4 a6 11. Nbd2 e5 12. Qb3 h6 13.
a5 b5 14. Rfd1 exd4 15. cxd4 Bd5 16. Qc2 Rc8 17. Rac1 Bf8 18. b4 c5 19. dxc5 dxc5 20.
bxc5 Bxc5 21. Qb2 Qxa5 22. Ra1 Qb6 23. Nb3 Bb4 24. Rac1 Bc4 25. Nbd4 Bxe2 26. Qxe2 Bc5 27.
Nb3 Ba3 28. Ra1 Bf8 29. Nfd4 Nc5 30. Nxc5 Bxc5 31. Nb3 Bf8 32. Qb2 Bg7 33. Rd6 Rc6 34. Rxc6 Qxc6 35. Nd4 Qb6 36. Qa2 Ne4 37. Qxa6 Bxd4 38.
exd4 Qxd4 39. Rf1 Nd2 40. Qxb5 Re2 41. Qxe2 Nxf1 42. Qxf1 1-0

[Event "*** SCC Grand Prix: Titled Tuesday Blitz"]
[Site "Chess.com"]
[Date "2020.06.09"]
[Round "6"]
[White "Mikasinski"]
[Black "memer5334"]
[Result "1-0"]
[WhiteElo "2415"]
[BlackElo "2237"]
[TimeControl "180+1"]
[EndTime "10:06:48 PDT"]
[Termination "Mikasinski won by checkmate"]

1. e4 b6 2. d4 Bb7 3. Bd3 e6 4.
Nf3 a6 5. O-O Be7 6. Re1 d6 7.
a4 Nd7 8. c3 c5 9. Bf4 Rc8 10.
Nbd2 Bc6 11. Nc4 Nb8 12. d5 Ba8 13. a5 e5 14. Nfxe5 dxe5 15. Bxe5 f6 16. Bg3 Nd7 17. axb6 Nxb6 18. Rxa6 Nxc4 19. Bxc4 Nh6 20. d6 Bb7 21. Ra7 Qb6 22. d7+ Kf8 23. dxc8=Q+ Bxc8 24. Ra8 Qb7 25. Bd5 Qd7 26. Qb3 Bd8 27. Be6 Qd2 28. Rd1 Qe2 29. Rxd8+ Ke7 30. Ra7+ Kxd8 31. Bc7+ Ke8 32. Qa4+ Ke7 33.
Bf4+ Kxe6 34. Qc6# 1-0

[Event "*** SCC Grand Prix: Titled Tuesday Blitz"]
[Site "Chess.com"]
[Date "2020.06.09"]
[Round "6"]
[White "Charlottemillard17"]
[Black "Nastya_Rakhmangulova"]
[Result "0-1"]
[WhiteElo "1503"]
[BlackElo "2268"]
[TimeControl "180+1"]
[EndTime "10:06:48 PDT"]
[Termination "Nastya_Rakhmangulova won by checkmate"]

1. e4 d5 2. exd5 Qxd5 3. Nc3 Qd6 4. d4 Nf6 5. Nf3 Bg4 6. h3 Bh5 7. Be2 Nc6 8. Be3 a6 9. Qd2 O-O-O 10. Bf4 Qb4 11. a3 Qxb2 12. Rb1 Qxa3 13. O-O e6 14. Rb3 Qa5 15. Rfb1 b6 16. Qc1 Bxf3 17. Bxf3 Nxd4 18. Ra3 Bxa3 19. Qe3 Nxf3+ 20. Qxf3 Nd5 21. Nxd5 Rxd5 22. c4 Rdd8 23. Qa8+ Kd7 24. Rd1+ Ke7 25. Rxd8 Rxd8 26. Qc6 Qc5 27. Qe4 Rd1+ 28. Kh2 Qf5 29. Qf3 Rd7 30.
Qg3 Bd6 31. Bxd6+ cxd6 32. Qxg7 Qe5+ 33. Qxe5 dxe5 34. f4 exf4 35. g3 Rd2+ 36. Kg1 fxg3 37. Kf1 a5 38. Kg1 a4 39. c5 a3 40. c6 a2 41. c7 a1=Q# 0-1

[Event "*** SCC Grand Prix: Titled Tuesday Blitz"]
[Site "Chess.com"]
[Date "2020.06.09"]
[Round "6"]
[White "PowerThinking2650"]
[Black "Glek_Igor"]
[Result "1-0"]
[WhiteElo "2337"]
[BlackElo "2434"]
[TimeControl "180+1"]
[EndTime "10:06:49 PDT"]
[Termination "PowerThinking2650 won on time"]

1. e4 c5 2. Nf3 a6 3. c4 d6 4. Nc3 e5 5. g3 Nc6 6. h3 g6 7.
Bg2 Rb8 8. a4 Bg7 9. O-O Nge7 10.
d3 O-O 11. Nh2 h6 12. Ng4 Kh7 13. Ne3 f5 14. exf5 Nxf5 15. Ned5 b6 16. Kh2 Be6 17. f4 Ncd4 18. fxe5 Bxd5 19. Nxd5 Bxe5 20. Bf4 Bxf4 21. Rxf4 h5 22. Qf1 Qg5 23. Qf2 Rbe8 24. Re1 Rxe1 25. Qxe1 h4 26. Rg4 Qd8 27. gxh4 Re8 28. Be4 Nf3+ 29.
Bxf3 Rxe1 30. h5 1-0

[Event "*** SCC Grand Prix: Titled Tuesday Blitz"]
[Site "Chess.com"]
[Date "2020.06.09"]
[Round "6"]
[White "CzechmVIII"]
[Black "Oligan22"]
[Result "0-1"]
[WhiteElo "2176"]
[BlackElo "2408"]
[TimeControl "180+1"]
[EndTime "10:06:50 PDT"]
[Termination "Oligan22 won on time"]

1. e4 c6 2. d4 d5 3. e5 Bf5 4. Nc3 e6 5. g4 Bg6 6. Nge2 c5 7. h4 h5 8. Nf4 Ne7 9. Nxg6 Nxg6 10.
gxh5 Ne7 11. dxc5 Nec6 12. Bf4 Nd7 13. Nb5 Ndxe5 14. Nd6+ Bxd6 15. cxd6 Qxd6 16. Be2 Nd3+ 17. Qxd3 Qxf4 18. Qg3 Qxg3 19. fxg3 Nd4 20. Bd3 Ke7 21. O-O-O Rxh5 22. g4 Rhh8 23. h5 Nf3 24. Rdf1 Ng5 25.
Rf2 Rac8 26. Kd2 f6 27. c3 e5 28. Bf5 Rc4 29. Ke3 b5 30. Rfh2 b4 31. cxb4 Rxb4 32. b3 d4+ 33. Kd3 Kd6 34. h6 gxh6 35. Rxh6 Rxh6 36.
Rxh6 Ke7 37. Rh8 Rb6 38. Rc8 Ra6 39. Rc7+ Kd6 40. Rc2 Rc6 41. Rh2 Rc3+ 42. Ke2 e4 0-1

[Event "*** SCC Grand Prix: Titled Tuesday Blitz"]
[Site "Chess.com"]
[Date "2020.06.09"]
[Round "6"]
[White "monstertube"]
[Black "ferdipy"]
[Result "0-1"]
[WhiteElo "2175"]
[BlackElo "2354"]
[TimeControl "180+1"]
[EndTime "10:06:50 PDT"]
[Termination "ferdipy won on time"]

1. d4 Nf6 2. Nf3 e6 3. Bg5 c5 4. e3 b6 5. c3 Be7 6. Bd3 O-O 7.
O-O Bb7 8. Nbd2 cxd4 9. cxd4 d6 10. Rc1 Nbd7 11. Qe2 Rc8 12. Ba6 Rb8 13. Bxb7 Rxb7 14.
Rc2 Rc7 15. Rfc1 Rxc2 16. Rxc2 Qb8 17. Qd1 Rc8 18. Qc1 Rxc2 19. Qxc2 Qb7 20. h3 h6 21.
Bf4 b5 22. Nb3 Nd5 23. Bg3 g6 24. Na5 Qa6 25. Nc6 Bf8 26. a3 N7f6 27. Nd2 Kg7 28.
Nb8 Qb7 29. Nc6 Qc7 30. Nb4 Qd7 31.
Nxd5 Nxd5 32. Ne4 a5 33. Nc3 Qc6 34. e4 Nxc3 35. bxc3 d5 36. exd5 exd5 37. Qb3 Qc4 38. Qb2 Qa4 39. Qa2 Qc4 40. Qb2 a4 41. Be5+ Kh7 42.
Bf6 Qb3 43. Qc1 Bxa3 44. Qf4 Qb1+ 45. Kh2 Qf5 0-1

[Event "*** SCC Grand Prix: Titled Tuesday Blitz"]
[Site "Chess.com"]
[Date "2020.06.09"]
[Round "6"]
[White "BaMBoMaTTo"]
[Black "eljanov"]
[Result "0-1"]
[WhiteElo "2639"]
[BlackElo "2822"]
[TimeControl "180+1"]
[EndTime "10:06:51 PDT"]
[Termination "eljanov won by resignation"]

1. e4 e5 2. Nf3 Nc6 3. Bb5 a6 4. Ba4 Nf6 5. O-O Be7 6. Re1 b5 7. Bb3 d6 8. c3 O-O 9. h3 Bb7 10. d4 Re8 11. Ng5 Rf8 12. Nf3 Nd7 13. Nbd2 Bf6 14. Nf1 g6 15. Ne3 Bg7 16. a4 Nb6 17. a5 Nd7 18. Nd5 h6 19. Be3 Nxa5 20. Rxa5 c6 21. Ra1 cxd5 22. exd5 e4 23. Nd2 f5 24.
Bf4 Nb6 25. c4 Kh7 26. c5 dxc5 27. dxc5 Nxd5 28. Bd6 Nb4 29. Nf1 Nd3 30. Re2 Qg5 31. Qd2 Qxd2 32. Rxd2 Rfd8 33. Rb1 a5 34. Be6 a4 35. b3 a3 36. Ra2 Nb4 0-1

[Event "*** SCC Grand Prix: Titled Tuesday Blitz"]
[Site "Chess.com"]
[Date "2020.06.09"]
[Round "6"]
[White "DortmundCity"]
[Black "Grandmaster2B"]
[Result "1-0"]
[WhiteElo "2603"]
[BlackElo "2437"]
[TimeControl "180+1"]
[EndTime "10:06:51 PDT"]
[Termination "DortmundCity won by resignation"]

1. e4 c5 2. Nf3 d6 3. d4 cxd4 4. Nxd4 Nf6 5. Nc3 a6 6. Bg5 e6 7.
f4 Be7 8. Qf3 Qc7 9. O-O-O Nbd7 10. g4 b5 11. a3 Bb7 12. Bxf6 Nxf6 13. g5 Nd7 14. h4 O-O 15. h5 Nc5 16. g6 Rac8 17.
f5 e5 18. h6 Bg5+ 19. Kb1 Bxh6 20. Ndxb5 axb5 21. Nxb5 Bxe4 22. Qg4 Qb6 23. Rxh6 gxh6 24. gxf7+ Kh8 25. Rxd6 Bxc2+ 26. Kxc2 Ne4+ 27. Kb1 Nxd6 28. f6 Nf5 29. Qxf5 Rc7 30. Nxc7 Qxc7 31. a4 Qxf7 32. Bd3 Rg8 33. Qxe5 Rg1+ 34. Kc2 Rg2+ 35. Kc3 Rf2 36.
Qb8+ Qg8 37. Qxg8+ Kxg8 38. a5 Rxf6 39. b4 h5 40. a6 h4 41. b5 Rf7 42. Bc4 h3 43. a7 h2 44. a8=Q+ 1-0

[Event "*** SCC Grand Prix: Titled Tuesday Blitz"]
[Site "Chess.com"]
[Date "2020.06.09"]
[Round "6"]
[White "DonPreuss"]
[Black "Enriquack"]
[Result "0-1"]
[WhiteElo "2219"]
[BlackElo "2412"]
[TimeControl "180+1"]
[EndTime "10:06:51 PDT"]
[Termination "Enriquack won by resignation"]

1. d4 Nf6 2. Nc3 d5 3. e4 dxe4 4. f3 e3 5. Bxe3 g6 6. Bc4 Bg7 7. Nge2 O-O 8. O-O Nc6 9. a3 e5 10. d5 Ne7 11. Qd2 Nf5 12. Bg5 h6 13. Bxf6 Qxf6 14.
Ne4 Qb6+ 15. Kh1 Ne3 16. Bb3 Nxf1 17. Rxf1 Bf5 18. N4c3 Rad8 19. g4 Bc8 20. g5 hxg5 21. Qxg5 Qf6 22. Qe3 c6 23. Ne4 Qh4 24. d6 b6 25. Rg1 Bf5 26. N2g3 Be6 27. Bxe6 fxe6 28. Nf1 Qf4 29. Qxf4 exf4 30. Rxg6 Kf7 31. Rg4 Bxb2 32. a4 Be5 33. Ng5+ Ke8 34. Nxe6 Rxd6 35. Nxf8 Kxf8 36.
Rg5 Re6 37. Nd2 b5 38. axb5 cxb5 39. Ne4 a5 40. Rg1 a4 41. Rb1 a3 42. c3 a2 43.
Ra1 Ra6 44. Kg2 b4 45. Rd1 0-1

[Event "*** SCC Grand Prix: Titled Tuesday Blitz"]
[Site "Chess.com"]
[Date "2020.06.09"]
[Round "6"]
[White "crazy_but_lazy"]
[Black "freshfoodcompany"]
[Result "1-0"]
[WhiteElo "2410"]
[BlackElo "2218"]
[TimeControl "180+1"]
[EndTime "10:06:51 PDT"]
[Termination "crazy_but_lazy won by checkmate"]

1. d4 d5 2. c4 e6 3. Nf3 Nf6 4. g3 dxc4 5. Bg2 Bd7 6. Ne5 Bc6 7.
Nxc6 Nxc6 8. e3 Qd7 9. Nd2 e5 10. dxe5 Nxe5 11. O-O c6 12. Qc2 Qd3 13. Qa4 Be7 14. Rd1 O-O 15. Nf3 Nxf3+ 16. Bxf3 Qf5 17. Kg2 Qc5 18. Bd2 Rfd8 19. Rac1 b5 20. Qc2 Qb6 21. b3 cxb3 22. axb3 Rac8 23. Bc3 Nd5 24. Bd4 Qb7 25. Bc5 Bxc5 26. Qxc5 h6 27. Rd4 a5 28. Rcd1 Re8 29. e4 Qb6 30. Rxd5 Qxc5 31. Rxc5 Red8 32. Rdc1 Rd3 33. e5 Rxb3 34. Rxc6 Rxc6 35. Rxc6 a4 36. Be4 Rb2 37. Rc8# 1-0

[Event "*** SCC Grand Prix: Titled Tuesday Blitz"]
[Site "Chess.com"]
[Date "2020.06.09"]
[Round "6"]
[White "mr65"]
[Black "mamonika"]
[Result "0-1"]
[WhiteElo "2157"]
[BlackElo "1939"]
[TimeControl "180+1"]
[EndTime "10:06:51 PDT"]
[Termination "mamonika won on time"]

1. e4 c5 2. d4 cxd4 3. c3 dxc3 4. Nxc3 g6 5. Nf3 Bg7 6. e5 Nc6 7. Bf4 Qa5 8. Bc4 Nxe5 9. Nxe5 Bxe5 10. Bd2 Qc5 11. Qe2 Nf6 12. O-O O-O 13. b4 Qd6 14. Rad1 Bxc3 15. Bxc3 Qc6 16. b5 Qb6 17. Bd4 Qd6 18.
Rfe1 Re8 19. a4 a6 20. Be5 Qb6 21. a5 Qxa5 22. Bxf6 axb5 23. Bb3 d6 24. Bxe7 Bf5 25. g4 Be6 26. Bxe6 Rxe7 0-1

[Event "*** SCC Grand Prix: Titled Tuesday Blitz"]
[Site "Chess.com"]
[Date "2020.06.09"]
[Round "6"]
[White "ljuks68"]
[Black "kingofthenil"]
[Result "1-0"]
[WhiteElo "2335"]
[BlackElo "2433"]
[TimeControl "180+1"]
[EndTime "10:06:52 PDT"]
[Termination "ljuks68 won by resignation"]

1. e4 Nc6 2. Nf3 d5 3. exd5 Qxd5 4. Nc3 Qh5 5. Bb5 Bg4 6. Bxc6+ bxc6 7. d3 O-O-O 8. Be3 Kb7 9. Ne4 e6 10. c4 Nf6 11. Qb3+ Ka8 12. O-O-O Bxf3 13. Qa4 c5 14. gxf3 Qxf3 15. Rhg1 Nxe4 16. dxe4 Be7 17. Qc6+ Kb8 18. Bxc5 Bxc5 19. Qxc5 Qf4+ 20. Qe3 Qxe3+ 21. fxe3 g6 22. e5 Kb7 23. Rgf1 Rxd1+ 24. Kxd1 Rf8 25. Kc2 Kc6 26. b4 a5 27. a3 axb4 28. axb4 h5 29. Kc3 Kd7 30. b5 Ke7 31. Ra1 f5 32. Ra7 Kd7 33.
c5 g5 34. c6+ Kd8 35. b6 cxb6 36. Ra8+ Ke7 37. Rxf8 Kxf8 38. c7 Ke7 39. c8=Q g4 40.
Qc7+ Ke8 41. Kc4 g3 42. hxg3 h4 43. gxh4 1-0

[Event "*** SCC Grand Prix: Titled Tuesday Blitz"]
[Site "Chess.com"]
[Date "2020.06.09"]
[Round "6"]
[White "louis198"]
[Black "Ural_bogatyr"]
[Result "1-0"]
[WhiteElo "2443"]
[BlackElo "2300"]
[TimeControl "180+1"]
[EndTime "10:06:52 PDT"]
[Termination "louis198 won on time"]

1. d4 Nf6 2. Bf4 d5 3. e3 c5 4. Nf3 Nc6 5. Nbd2 Bf5 6. dxc5 e6 7. Bd3 Bxc5 8. Bxf5 exf5 9. O-O O-O 10. Nb3 Bb6 11. c3 Ne4 12. Qd3 h5 13. h4 Qd7 14. Rad1 Rad8 15. Qb5 Qe6 16. Nbd4 Qg6 17. Nxc6 bxc6 18. Qa4 Qe6 19. Ng5 Qc8 20. c4 f6 21. Nf3 Nc5 22. Qc2 Ne4 23. cxd5 cxd5 24. Qb3 Qe6 25. Nd4 Qd7 26.
a4 Kh7 27. f3 Nc5 28. Qc2 g6 29. a5 Bxa5 30. Qxc5 Rc8 31. Qxa5 Rc2 32. Rd2 Rfc8 33. Rxc2 Rxc2 34. Nxc2 1-0

[Event "*** SCC Grand Prix: Titled Tuesday Blitz"]
[Site "Chess.com"]
[Date "2020.06.09"]
[Round "6"]
[White "FrenchMonster2002"]
[Black "ecwinslow"]
[Result "0-1"]
[WhiteElo "2401"]
[BlackElo "2260"]
[TimeControl "180+1"]
[EndTime "10:06:53 PDT"]
[Termination "ecwinslow won by checkmate"]

1. e4 c5 2. Nc3 Nc6 3. Bb5 Nd4 4. Nf3 e6 5. O-O Nf6 6. e5 Nxb5 7. Nxb5 Nd5 8. d4 Qb6 9. c4 Nc7 10. Nxc7+ Qxc7 11. d5 d6 12. Bf4 dxe5 13. Bxe5 Bd6 14. Bxg7 Rg8 15. Bc3 exd5 16. Qxd5 Be6 17. Qe4 O-O-O 18. Rfd1 Rg4 19. Qe3 Rdg8 20. g3 Bxg3 21. hxg3 Rxg3+ 22. fxg3 Qxg3+ 23. Kf1 Bxc4+ 24. Rd3 Qg2+ 25. Ke1 Qh1+ 26.
Ng1 Rxg1+ 27. Ke2 Rg2+ 28. Kf3 Qh3+ 29. Ke4 Rg4+ 30. Ke5 Qh5+ 31. Kf6 Qg6+ 32. Ke7 Re4+ 33. Qxe4 Qxe4+ 34. Kf8 Bxd3 35. Rg1 Kd7 36. Rg7 Qe7+ 37.
Kg8 Qe8# 0-1

[Event "*** SCC Grand Prix: Titled Tuesday Blitz"]
[Site "Chess.com"]
[Date "2020.06.09"]
[Round "6"]
[White "Kapitan_Bayan"]
[Black "szefru"]
[Result "1-0"]
[WhiteElo "2340"]
[BlackElo "2140"]
[TimeControl "180+1"]
[EndTime "10:06:54 PDT"]
[Termination "Kapitan_Bayan won by resignation"]

1. d4 d5 2. Nf3 c6 3. c4 Nf6 4. cxd5 cxd5 5. Nc3 e6 6. Bf4 Nc6 7. e3 Be7 8. Bd3 O-O 9. h3 a6 10. Rc1 Ne8 11. O-O f5 12. a3 Nf6 13. b4 Ne4 14. Ne5 g5 15. Nxc6 bxc6 16. Be5 Bd6 17. f4 gxf4 18. exf4 Bxe5 19. fxe5 Qg5 20. Bxe4 dxe4 21.
Ne2 Bb7 22. Nf4 Rfe8 23. Qb3 Kf7 24. Rc3 Rad8 25. Kh2 Rxd4 26. Rg3 Qe7 27. Nxe6 Qxe6 28. Rxf5+ Ke7 29. Rg7+ Kd8 30. Qxe6 Rxe6 31. Rxb7 e3 32. Rf8+ Re8 33. Rb8+ Kc7 34. Rfxe8 e2 35. Rec8+ Kd7 36. e6+ Ke7 37. Re8+ Kf6 38. Rf8+ Ke5 39. e7 Kd5 40.
e8=Q 1-0

[Event "*** SCC Grand Prix: Titled Tuesday Blitz"]
[Site "Chess.com"]
[Date "2020.06.09"]
[Round "6"]
[White "tan275"]
[Black "dianamirza"]
[Result "1-0"]
[WhiteElo "2194"]
[BlackElo "2012"]
[TimeControl "180+1"]
[EndTime "10:06:54 PDT"]
[Termination "tan275 won on time"]

1. d4 Nf6 2. c4 g6 3. g3 Bg7 4. Bg2 O-O 5. Nc3 d6 6. Nf3 Nbd7 7. O-O e5 8. e4 exd4 9. Nxd4 a5 10. h3 Nc5 11. Be3 Re8 12. Qc2 c6 13. Rfe1 Bd7 14.
Rad1 Qc8 15. Kh2 Rb8 16. a3 b5 17. cxb5 cxb5 18. Nd5 Ncxe4 19. Qxc8 Rbxc8 20. Nb6 Rc7 21. Nxd7 Rxd7 22. Nxb5 d5 23. Bd4 Rb8 24. a4 Rc8 25. Rc1 Rxc1 26. Rxc1 h5 27. Rc8+ Kh7 28. Ra8 Nd2 29.
Rxa5 Nb3 30. Ra6 Nxd4 31. Nxd4 Ne4 32. Nc6 Bxb2 33. Rb6 Bg7 34. a5 Nxf2 35. a6 d4 36.
a7 Rxa7 37. Nxa7 d3 38. Rd6 Bc3 39. Bf3 d2 40. Kg2 1-0

[Event "*** SCC Grand Prix: Titled Tuesday Blitz"]
[Site "Chess.com"]
[Date "2020.06.09"]
[Round "6"]
[White "GMKrikor"]
[Black "Berardino"]
[Result "1-0"]
[WhiteElo "2727"]
[BlackElo "2522"]
[TimeControl "180+1"]
[EndTime "10:06:55 PDT"]
[Termination "GMKrikor won on time"]

1. e4 c5 2. Nf3 e6 3. d4 cxd4 4. Nxd4 Nc6 5. Nc3 d6 6. Be3 Nf6 7. f3 a6 8. g4 Be7 9. Qd2 O-O 10.
g5 Nd7 11. h4 Nxd4 12. Bxd4 b5 13. O-O-O Qc7 14. a3 Rb8 15. Kb1 Ne5 16. Be2 Nc4 17.
Bxc4 bxc4 18. Ka1 Rd8 19. h5 d5 20. g6 dxe4 21. gxf7+ Kxf7 22. fxe4 Bf6 23. Qf2 e5 24. Be3 Rxd1+ 25. Rxd1 Be6 26. h6 Kg8 27. hxg7 Bxg7 28. Rg1 Kh8 29. Bc1 Qb7 30. Qh4 Rf8 31. Qg5 Bf6 32.
Qh6 Rg8 33. Qxf6+ 1-0

[Event "*** SCC Grand Prix: Titled Tuesday Blitz"]
[Site "Chess.com"]
[Date "2020.06.09"]
[Round "6"]
[White "RusPakhom"]
[Black "Witik"]
[Result "0-1"]
[WhiteElo "2373"]
[BlackElo "2585"]
[TimeControl "180+1"]
[EndTime "10:06:58 PDT"]
[Termination "Witik won by checkmate"]

1. e4 c5 2. d3 Nc6 3. g3 g6 4.
Bg2 Bg7 5. f4 e6 6. Nf3 Nge7 7.
O-O O-O 8. c3 d6 9. Be3 b6 10.
d4 Ba6 11. Re1 h6 12. Qd2 f5 13. e5 dxe5 14. dxe5 Qc7 15. Qf2 Nd5 16. Bc1 Rfe8 17. Na3 Bf8 18. Nh4 Kh7 19. c4 Ndb4 20. Nb5 Bxb5 21.
cxb5 Nd4 22. Bxa8 Nd3 23. Qf1 Nxe1 24. Be3 Nec2 25. Bxd4 Nxa1 26. Bc6 Rd8 27. Qxa1 cxd4 28. Nf3 d3 29. Nd2 Qe7 30. Qc1 Qb4 31. Qc3 Bc5+ 32. Kf1 Qa4 33. Qb3 Qd4 34. Qxe6 Qf2# 0-1

[Event "*** SCC Grand Prix: Titled Tuesday Blitz"]
[Site "Chess.com"]
[Date "2020.06.09"]
[Round "6"]
[White "anon569"]
[Black "Fh2411"]
[Result "0-1"]
[WhiteElo "2299"]
[BlackElo "2436"]
[TimeControl "180+1"]
[EndTime "10:06:59 PDT"]
[Termination "Fh2411 won on time"]

1. e4 c5 2. Nf3 e6 3. d4 cxd4 4. Nxd4 a6 5. Bd3 d6 6. Qe2 Nf6 7. O-O Be7 8. c4 O-O 9. Nc3 e5 10. Nf3 Nc6 11. h3 Be6 12. Be3 Rc8 13. b3 Nb4 14. Bb1 a5 15. a3 Na6 16. Bc2 Nd7 17. Rfd1 Ndc5 18. Rab1 Nd7 19. Nb5 Rc6 20. Rd2 a4 21.
Rbd1 axb3 22. Bxb3 Nac5 23. Bc2 Qb8 24. Nc3 Ra6 25. Ra1 h6 26. Rdd1 Bd8 27. Nd5 Kh8 28.
Nd2 Qa8 29. Nb1 Bxd5 30. cxd5 Bb6 31. Bc1 Na4 32. Qf3 Bd4 0-1

[Event "*** SCC Grand Prix: Titled Tuesday Blitz"]
[Site "Chess.com"]
[Date "2020.06.09"]
[Round "6"]
[White "DenLaz"]
[Black "1stSecond"]
[Result "1-0"]
[WhiteElo "2664"]
[BlackElo "2785"]
[TimeControl "180+1"]
[EndTime "10:07:00 PDT"]
[Termination "DenLaz won on time"]

1. d4 Nf6 2. c4 e6 3. Nf3 b6 4. a3 Ba6 5. Qc2 c5 6. e4 cxd4 7. e5 Ng8 8. Nxd4 Ne7 9. Be2 Nbc6 10. Nxc6 Nxc6 11. Qc3 Qc7 12. f4 d6 13. Bf3 dxe5 14.
fxe5 O-O-O 15. Bg5 Rd7 16. O-O Bc5+ 17. Kh1 Bd4 18.
Qc2 Bxe5 19. Nc3 Nd4 20. Qe4 Nxf3 21. Qa8+ Qb8 22. Qxf3 Bb7 23. Qh3 h6 24. Rad1 Rxd1 25. Rxd1 Qc7 26. Nb5 Qb8 27. Be7 Bc6 28. Qd3 a6 29. Bd6 Qb7 30. Bxe5 axb5 31. cxb5 Bxg2+ 32. Kg1 Bd5 33. Rc1+ Kd8 34. Qg3 f6 35. Rc7 Qa8 36.
Qxg7 1-0

[Event "*** SCC Grand Prix: Titled Tuesday Blitz"]
[Site "Chess.com"]
[Date "2020.06.09"]
[Round "6"]
[White "queen_iryna"]
[Black "profofchess"]
[Result "0-1"]
[WhiteElo "2320"]
[BlackElo "2450"]
[TimeControl "180+1"]
[EndTime "10:07:00 PDT"]
[Termination "profofchess won by checkmate"]

1. d4 Nf6 2. Bg5 Ne4 3. Bf4 Nc6 4. f3 Nf6 5. e4 e6 6. Nc3 d5 7. e5 Ng8 8. Be3 Bb4 9. f4 Nh6 10. Bd3 Na5 11. Nf3 Nc4 12. Bxc4 dxc4 13. O-O Bxc3 14. bxc3 Nf5 15. Bf2 h5 16. Qe2 Qd5 17. Nh4 g6 18.
Nxf5 gxf5 19. Bh4 Bd7 20. Qf3 Bc6 21. Qxd5 Bxd5 22. Bg5 Be4 23. Rf2 Kd7 24. h4 b5 25.
Kf1 a5 26. Ke1 b4 27. Kd2 Rhb8 28. g3 b3 29. cxb3 cxb3 30. axb3 Rxb3 31. Ra2 Rab8 32. Rxa5 Rb1 33. Ra2 Rg1 34. c4 Rb3 35. Re2 Rgxg3 36. Ke1 Rg1+ 37. Kf2 Rh1 38. Reb2 Rf3+ 39. Ke2 Rh2+ 40.
Ke1 Re3+ 41. Kd1 Bf3+ 42. Kc1 Re1# 0-1

[Event "*** SCC Grand Prix: Titled Tuesday Blitz"]
[Site "Chess.com"]
[Date "2020.06.09"]
[Round "6"]
[White "MartinCerveny"]
[Black "biaf13"]
[Result "1/2-1/2"]
[WhiteElo "2500"]
[BlackElo "2069"]
[TimeControl "180+1"]
[EndTime "10:07:01 PDT"]
[Termination "Game drawn by repetition"]

1. d4 Nf6 2. c4 g6 3. Nc3 d5 4. cxd5 Nxd5 5. e4 Nxc3 6. bxc3 Bg7 7. Nf3 c5 8. Rb1 O-O 9. Be2 b6 10. O-O Bb7 11. Qd3 Ba6 12. Qe3 cxd4 13. cxd4 Bxe2 14. Qxe2 Bxd4 15. Nxd4 Qxd4 16. Bb2 Qd6 17. Rfd1 Qe6 18. Qe3 Nd7 19. a4 Rfd8 20. Rbc1 Ne5 21. Qc3 f6 22. f4 Rxd1+ 23. Rxd1 Nc4 24. Qb3 Qxe4 25. h3 Qe3+ 26. Qxe3 Nxe3 27. Rd7 Kf7 28. Ba3 Re8 29. Rxa7 Nc4 30. Bb4 Ke6 31. Rc7 Nd6 32. g4 Ra8 33.
Bxd6 Kxd6 34. Rc4 Kd5 35. Rb4 Kc5 36. Rb5+ Kc6 37. Rb4 Ra5 38. Re4 e5 39. fxe5 Rxe5 40. Rf4 f5 41. gxf5 Rxf5 42. Rc4+ Rc5 43. Rb4 Ra5 44. Kg2 Kc5 45. Re4 Kd5 46. Rb4 Kc5 47. Re4 Kd5 48. Rb4 Kc5 1/2-1/2

[Event "*** SCC Grand Prix: Titled Tuesday Blitz"]
[Site "Chess.com"]
[Date "2020.06.09"]
[Round "6"]
[White "mattcolins2025"]
[Black "DACF2905"]
[Result "0-1"]
[WhiteElo "2375"]
[BlackElo "2239"]
[TimeControl "180+1"]
[EndTime "10:07:01 PDT"]
[Termination "DACF2905 won by checkmate"]

1. d4 Nf6 2. c4 e6 3. Nc3 Bb4 4. Qc2 O-O 5. a3 Bxc3+ 6. Qxc3 b6 7. Bg5 h6 8. Bh4 d5 9. cxd5 exd5 10. e3 Nbd7 11.
Bb5 c5 12. Bc6 Rb8 13. Bg3 Ne4 14. Qc2 Nxg3 15. hxg3 Nf6 16. dxc5 bxc5 17. Nf3 d4 18.
Qxc5 dxe3 19. O-O Ba6 20. Rfd1 exf2+ 21. Qxf2 Qb6 22. Nd4 Qxb2 23. Rac1 Qxf2+ 24. Kxf2 Rb2+ 25. Kg1 Nh5 26. Rc3 Rd8 27. Be4 Nf6 28. Bb1 Rxd4 29. Rxd4 Rxb1+ 30. Kh2 Be2 31. g4 Nxg4+ 32. Kg3 Nf6 33.
Kf2 Rb2 34. Ke3 Bg4 35. g3 Be6 36. Rd8+ Kh7 37. Rcd3 a6 38. Kd4 Bd7 39. Ke5 Bb5 40. Rc3 Re2+ 41. Kf5 Bd7+ 42. Kf4 Nd5+ 43. Kf3 Nxc3 44.
Rxd7 Re1 45. Kf2 Ra1 46. Rxf7 Rxa3 47. Rc7 Ne4+ 48. Ke1 Nxg3 49. Ra7 Nf5 50. Kf2 h5 51. Kg2 Kh6 52. Kh1 g5 53. Rb7 h4 54. Rb6+ Kh5 55.
Rf6 Ng3+ 56. Kg2 Kg4 57. Kg1 Ra1+ 58. Kh2 Ra2+ 59. Kg1 Kh3 60. Rf3 Rg2# 0-1

[Event "*** SCC Grand Prix: Titled Tuesday Blitz"]
[Site "Chess.com"]
[Date "2020.06.09"]
[Round "6"]
[White "eightbyeightchess"]
[Black "Mbneu"]
[Result "1-0"]
[WhiteElo "2387"]
[BlackElo "2221"]
[TimeControl "180+1"]
[EndTime "10:07:01 PDT"]
[Termination "eightbyeightchess won by resignation"]

1. e4 c5 2. Nf3 Nf6 3. d4 Nxe4 4. Bd3 d5 5. O-O cxd4 6. Nxd4 e5 7. Nf3 Nc6 8. c4 Bg4 9. h3 Bxf3 10. Qxf3 Nd4 11. Qd1 Nc5 12. cxd5 Nxd3 13. Qxd3 Bd6 14. Be3 O-O 15. Bxd4 exd4 16. Qxd4 Re8 17. Nc3 Be5 18. Qd3 Qh4 19. Rfe1 Rad8 20. Re4 Qf6 21. Rae1 Kf8 22. Qb5 Re7 23. f4 Bd6 24. Rxe7 Bxe7 25. Ne4 Qd4+ 26. Kh1 Qxd5 27. Qxd5 Rxd5 28. Rc1 Ke8 29. Rc7 Rd1+ 30. Kh2 Re1 31. Nc3 Bd6 32. Rxb7 Bxf4+ 33. g3 Be5 34. Rxa7 Rc1 35. h4 Rc2+ 36. Kh3 Rxb2 37. Nd5 Rb5 38. Re7+ Kf8 39. Rxe5 f6 40. Nxf6 Rxe5 41. Nd7+ Ke7 42. Nxe5 1-0

[Event "*** SCC Grand Prix: Titled Tuesday Blitz"]
[Site "Chess.com"]
[Date "2020.06.09"]
[Round "6"]
[White "Xeniya2005"]
[Black "dey2580"]
[Result "0-1"]
[WhiteElo "2312"]
[BlackElo "2445"]
[TimeControl "180+1"]
[EndTime "10:07:02 PDT"]
[Termination "dey2580 won by checkmate"]

1. e4 d5 2. exd5 Qxd5 3. Nc3 Qd6 4. Nf3 Nf6 5. Bc4 a6 6. a4 Nc6 7. O-O Bg4 8. h3 Bh5 9. b3 O-O-O 10. Ba3 Qf4 11. Be2 Bxf3 12. Bxf3 Nd4 13. Bc1 Nxf3+ 14. Qxf3 Qxf3 15. gxf3 e6 16. Ne4 Be7 17. d3 Nd5 18. Re1 Rhg8 19. Bd2 Bb4 20. Bxb4 Nxb4 21. Re2 Rd5 22.
Rae1 Rf5 23. Kg2 a5 24. Ng3 Rc5 25. c4 Nxd3 26. Re4 Nxe1+ 27. Rxe1 Rd8 28. Re4 h5 29. Rf4 Rd7 30. Ne4 Rf5 31. Rh4 g6 32. Ng3 Re5 33. Rf4 g5 34. Rf6 h4 35. Ne4 Rf5 36. Rh6 Rd3 37.
Rh8+ Kd7 38. Rh7 Rdxf3 39. Nxg5 Rxf2+ 40. Kg1 Rf1+ 41. Kg2 R5f2# 0-1